AoeStats
← Quack

African Clearing

504134923Analyzed
4v4 RM · 27d ago on Sep 4, 2026· 29m 54s· 8 players
Game mode
Random Map
Map size
Large (8 player)
Population
200
Speed
Normal
Resources
Standard
Victory
Conquest
Starting age
Dark Age
Ending age
Imperial Age
RankedLock teamsTeams togetherTeam positionsShared explorationLock speedFull tech treeHidden civsTurbo modeCheats
Victory
Defeat
🇺🇸 Hindustanis · United States
1061
+16
🇲🇽 Persians · Mexico
1033
+18
🇫🇮 Huns · Finland
1004
+19
🇵🇪 Mongols · Peru
959
+20
🇺🇸 Britons · United States
1087
-19
🇺🇸 Mongols · United States
1072
-19
🇺🇸 Romans · United States
1066
-18
🇺🇸 Vietnamese · United States
1040
-17
Rölli
5:14 Loom
12:32 Feudal Age
19:53 Castle Age
20:15 Bloodlines
22:27 Fletching
22:50 Forging
26:06 Scale Barding Armor
28:10 Iron Casting
diego.servf
3:55 Loom
14:12 Feudal Age
22:11 Castle Age
22:06 Crossbowman
25:05 Double-Bit Axe
28:26 Bow Saw
29:38 Light Cavalry
Quack
13:39 Feudal Age
19:07 Castle Age
18:57 Forging
18:53 Scale Barding Armor
19:46 Bloodlines
22:24 Iron Casting
Mattme1
5:19 Loom
15:37 Feudal Age
19:37 Castle Age
18:59 Double-Bit Axe
23:31 Forging
25:02 Wheelbarrow
27:25 Horse Collar
B.oob
5:20 Loom
15:09 Feudal Age
19:40 Castle Age
18:34 Double-Bit Axe
20:47 Fletching
22:10 Padded Archer Armor
23:53 Crossbowman
25:04 Pikeman
WiilllChRisISTOXXIC
4:23 Loom
14:25 Feudal Age
15:38 Double-Bit Axe
23:45 Castle Age
23:15 Wheelbarrow
25:38 Pikeman
26:22 Squires
28:10 Fletching
Codeblue
14:01 Feudal Age
13:31 Loom
18:26 Castle Age
17:04 Wheelbarrow
17:43 Fletching
18:29 Double-Bit Axe
19:45 Bodkin Arrow
28:14 Town Watch
chicken
9:42 Loom
12:28 Feudal Age
12:54 Man-at-Arms
13:40 Double-Bit Axe
14:35 Scale Mail Armor
19:31 Fletching
20:00 Horse Collar
24:33 Castle Age
Connection lost

Rejoining the realm…

Still unreachable

The connection could not be restored.

Session expired

The server has moved on; the page needs a fresh start.